 Dungeon Crawl Stone Soup version 0.30.1-4-g462c640d31 (webtiles) character file.

Game seed: 12425424068786851590

177 Kranky the Ducker (level 5, -5/44 HPs)
             Began as a Draconian Wanderer on Aug 24, 2023.
             Killed by nerve-wracking pain
             ... invoked by an orc priest
              (11 damage)
             ... on level 3 of the Dungeon on Aug 31, 2023.
             The game lasted 00:05:15 (3166 turns).

Kranky the Ducker (Draconian Wanderer)              Turns: 3166, Time: 00:05:16

Health: -5/44      AC: 11    Str: 15    XL:     5   Next: 31%
Magic:  8/8        EV: 12    Int: 13    God:
Gold:   168        SH:  0    Dex: 11    Spells: 7/8 levels left

rFire   . . .        a - +0 falchion
rCold   . . .        (no shield)
rNeg    . . .        (body armour unavailable)
rPois   .            b - +0 hat
rElec   .            (no cloak)
rCorr   +            (no gloves)
SInv    .            h - +1 pair of boots
Will    .....        (no amulet)
Stlth   +            i - +4 ring of protection
HPRegen 0.27/turn    k - ring of resist corrosion
MPRegen 0.11/turn

%: no passive effects
@: no status effects
A: AC +5, unfitting armour, cold-blooded
a: no special abilities


You were on level 3 of the Dungeon.
You visited 1 branch of the dungeon, and saw 3 of its levels.

You collected 168 gold pieces.

Inventory:

Hand Weapons
 a - a +0 falchion (weapon)
Armour
 b - a +0 hat (worn)
 h - a +1 pair of boots (worn)
Jewellery
 i - a +4 ring of protection (left hand)
 k - a ring of resist corrosion (right hand)
 r - a ring of protection from fire
Scrolls
 c - a scroll of teleportation
 d - 7 scrolls of identify {unknown}
 g - a scroll of amnesia {unknown}
 m - a scroll of magic mapping {unknown}
 n - a scroll of blinking {unknown}
 p - a scroll of fog {unknown}
Potions
 e - a potion of resistance {unknown}
 f - a potion of curing {unknown}
 j - 2 potions of degeneration {unknown}
 l - a potion of ambrosia {unknown}
 o - a potion of might {unknown}
 q - a potion of lignification {unknown}
 s - 2 potions of flight {unknown}
 t - a potion of berserk rage {unknown}
 u - a potion of attraction {unknown}
 v - a potion of heal wounds {unknown}
 w - a potion of brilliance {unknown}


   Skills:
 + Level 2.9 Fighting
 + Level 2.6 Long Blades
 - Level 1.0 Throwing
 + Level 3.6 Dodging
 + Level 2.4 Spellcasting
 - Level 3.0 Translocations


You had 7 spell levels left.
You knew the following spells:

 Your Spells              Type           Power      Damage    Failure   Level
a - Apportation           Tloc           18%        N/A       7%          1

Your spell library contained the following spells:

 Spells                   Type           Power      Damage    Failure   Level
 Ensorcelled Hibernation  Hex/Ice        2%         N/A       36%         2
 Passwall                 Tmut/Erth      0%         N/A       36%         2
 Portal Projectile        Hex/Tloc       10%        N/A       36%         3
 Passage of Golubria      Tloc           9%         N/A       56%         4
 Swiftness                Air            1%         N/A       58%         3


Dungeon Overview and Level Annotations

Branches:
Dungeon (3/15)

Altars:
Qazlal

Shops:
D:3 !*?


Innate Abilities, Weirdness & Mutations

Your plain brown scales are hard. (AC +5)
You cannot fit into any form of body armour.
You are cold-blooded and may be slowed by cold attacks.


Message History

a +0 dagger; a +0 leather armour The orc shouts!
The orc priest invokes the aid of Beogh against you.
Beogh smites you!
The orc priest shouts!
The orc priest looks satisfied for a moment.
The orc priest hits you but does no damage.
You hit the orc priest but do no damage.
You tail-slap the orc priest, but do no damage.
You hit the orc priest but do no damage.
The orc priest closely misses you.
You barely miss the orc priest. The orc barely misses you.
The orc priest hits you with a +0 hand axe.
The orc closely misses you.
The orc priest hits you but does no damage.
You hit the orc priest.
Your tail-slap misses the orc priest.
The orc priest is lightly wounded.
The orc priest hits you but does no damage.
You hit the orc priest but do no damage.
Your tail-slap misses the orc priest.
The orc priest is lightly wounded.
The orc misses you. The orc priest barely misses you. x2
You hit the orc priest.
The orc priest is moderately wounded.
The orc hits you but does no damage.
The orc priest casts a cantrip, but nothing happens.
The orc priest hits you but does no damage.
You barely miss the orc priest.
The orc priest is moderately wounded.
The orc hits you but does no damage.
The orc priest hits you but does no damage.
The orc priest calls down the wrath of Beogh upon you.
Beogh smites you!
* * * LOW HITPOINT WARNING * * *
You closely miss the orc priest.
Your tail-slap misses the orc priest.
The orc priest is moderately wounded.
The orc hits you but does no damage. The orc priest barely misses you.
The orc priest calls down the wrath of Beogh upon you.
Pain shoots through your body!
You die...

#.................##########
...##.............#
#..###.#####...#..#
..............##..#
#..###..####.###..# #..#
#..# #.# #..# ...# #.## #.#
#..#
|..###.#####.###o.###### ###
.....†.........o@.)....# #.#
..####†#####.###o.###### #.#
..............##..# #.#
..###..#####.###..# #.#
..##...# #.# ##)########.#
..##.#.### #.# #.##.......#
.........###.####.##.#####.#
....##...............# #.#
....(.............##.# #.#


You could see 2 orc priests and an orc.

Vanquished Creatures
  7 adders
  2 worms (D:2)
  3 dart slugs
  5 orcs
  8 endoplasms
  4 giant cockroaches
  6 goblins
  9 hobgoblins
  12 jackals
  4 quokkas
  9 ball pythons
  3 bats (D:2)
  6 frilled lizards
  5 kobolds
  4 rats
87 creatures vanquished.

Notes
Turn   | Place    | Note
-------+----------+-------------------------------------------
     0 | D:1      | Kranky the Draconian Wanderer began the quest for the Orb.
     0 | D:1      | Kranky set off with the following items: a +0 falchion, a
                  | +0 hat, a scroll of teleportation; and the following spell
                  | memorised: Apportation; and the following spells available
                  | to memorise: Portal Projectile, Passage of Golubria.
     0 | D:1      | Reached XP level 1. HP: 16/16 MP: 2/2
   162 | D:1      | Reached XP level 2. HP: 23/23 MP: 3/3
   255 | D:1      | Found a faded altar of an unknown god.
   496 | D:1      | Reached XP level 3. HP: 29/29 MP: 5/5
   795 | D:1      | HP: 1/29 [adder (2)]
  1199 | D:2      | Reached XP level 4. HP: 36/36 MP: 6/6
  1437 | D:2      | Found a stormy altar of Qazlal.
  1999 | D:3      | Found Muumesaf's Distillery.
  2100 | D:3      | Found Sydahoxt's Assorted Antiques.
  2198 | D:3      | Reached XP level 5. HP: 33/42 MP: 8/8
  2546 | D:3      | Found Sowiliv's Magic Scroll Shoppe.
  3166 | D:3      | Killed from afar by an orc priest

Illustrated notes

Levels and vault maps discovered:
D:1:      saegor_arrival_simple_c, layout_rooms,
          hellmonk_ecumenical_altar_inner_sanctum, minmay_tripent
D:2:      minmay_razor_zed, layout_basic, basic_altar, serial_forest,
          infiniplex_forest_end_1, infiniplex_forest_lined_3_way,
          infiniplex_forest_lined_3_way, infiniplex_forest_lined_corner,
          infiniplex_forest_straight_4, infiniplex_forest_end_3,
          infiniplex_forest_lined_4_way, infiniplex_forest_zigzag_1,
          infiniplex_forest_end_3
D:3:      layout_basic, serial_shops, nicolae_shop_hallway_stairs,
          nicolae_shop_real_fake_doors, shop, chequers_garden

Skill      XL: |  1  2  3  4 |
---------------+-------------+-----
Dodging        | 3 |  3.6
Fighting       | 2 |  2.9
Long Blades    | 2 |  2.6
Spellcasting   | 2 |  2.4
Throwing       | |  1.0
Translocations | |  3.0

Action                     |  1- 3 |  4- 6 || total
---------------------------+-------+-------++-------
  Melee: Falchion          |   150 |   187 ||   337
         Tailslap          |    14 |    16 ||    30
         Punch             |     4 |     2 ||     6
    Use: Scroll            |       |     1 ||     1
   Stab: Sleeping          |     2 |       ||     2
 Armour: Skin              |    60 |   126 ||   186
  Dodge: Dodged            |   109 |   148 ||   257
